 Dungeon Crawl Stone Soup version 0.29-a0-757-g358383bc75 (webtiles) character file.

Game seed: 6503980471848002142

1929 crusatyr the Skirmisher (level 8, -4/37 HPs)
             Began as a Spriggan Hunter on July 1, 2022.
             Slain by a gnoll sergeant
             ... wielding a +0 halberd
              (9 damage)
             ... in a bailey.
             The game lasted 00:18:15 (9271 turns).

crusatyr the Skirmisher (Spriggan Hunter)           Turns: 9271, Time: 00:18:15

Health: -4/37      AC:  5    Str:  7    XL:     8   Next: 96%
Magic:  9/9        EV: 23    Int: 10    God:
Gold:   70         SH:  0    Dex: 21    Spells: 7/7 levels left

rFire   . . .      SeeInvis +   a - +0 shortbow
rCold   . . .      Faith    .   (shield currently unavailable)
rNeg    + . .      Spirit   .   c - +0 robe
rPois   .          Reflect  .   (helmet restricted)
rElec   .          Harm     .   n - +2 cloak
rCorr   .          Rampage  .   (gloves unavailable)
Will    +....                   (boots unavailable)
Stlth   +++++.....              (no amulet)
HPRegen 0.12/turn               e - ring of positive energy
MPRegen 0.11/turn               (no ring)

@: very quick
A: very small, no large weapons, unfitting armour, see invisible, speed 3
a: no special abilities


You were in a bailey.
You visited 2 branches of the dungeon, and saw 8 of its levels.
You also visited: Bailey.

You collected 328 gold pieces.
You spent 258 gold pieces at shops.

Inventory:

Hand Weapons
 a - a +0 shortbow (weapon)
Missiles
 j - 6 throwing nets
Armour
 c - a +0 robe (worn)
 n - a +2 cloak (worn)
Jewellery
 e - a ring of positive energy (left hand)
 l - a ring of willpower
Wands
 q - a wand of polymorph (11)
 s - a wand of flame (17)
 u - a wand of iceblast (4)
 y - a wand of charming (5)
Scrolls
 b - 2 scrolls of immolation
 d - a scroll of fog
 h - a scroll of enchant weapon {unknown}
 m - 2 scrolls of noise
 p - 2 scrolls of poison
 r - a scroll of blinking {unknown}
 t - a scroll of summoning {unknown}
 x - a scroll of amnesia
 z - a scroll of torment
Potions
 f - 4 potions of flight
 g - 2 potions of heal wounds
 i - 2 potions of lignification {unknown}
 k - 6 potions of curing {unknown}
 o - a potion of attraction {unknown}
 v - a potion of might {unknown}
 w - a potion of ambrosia {unknown}


   Skills:
 - Level 1.5 Fighting
 * Level 11.3 Ranged Weapons
 + Level 7.3 Dodging
 + Level 9.3 Stealth


You had 7 spell levels left.
You didn't know any spells.
Your spell library contained the following spells:

 Spells                   Type           Power      Damage    Failure   Level
 Foxfire                  Conj/Fire      0%         2x1d4     36%         1
 Necrotize                Necr           0%         1d4       36%         1
 Poisonous Vapours        Pois/Air       0%         N/A       50%         2
 Sublimation of Blood     Necr           0%         N/A       50%         2
 Conjure Flame            Conj/Fire      0%         6-21      75%         3
 Frozen Ramparts          Ice            0%         1d2       75%         3
 Ignite Poison            Fire/Tmut/Pois 0%         N/A       75%         3
 Inner Flame              Hex/Fire       0%         N/A       75%         3
 Vampiric Draining        Necr           0%         2d6       75%         3
 Corpse Rot               Necr/Pois/Air  0%         N/A       98%         4
 Flame Wave               Conj/Fire      0%         2d4       98%         4
 Petrify                  Tmut/Erth      0%         N/A       98%         4
 Sticky Flame             Conj/Fire      0%         2d3       98%         4
 Summon Ice Beast         Ice/Summ       0%         N/A       98%         4
 Agony                    Necr           0%         N/A       100%        5
 Blade Hands              Tmut           0%         N/A       100%        5
 Irradiate                Conj/Tmut      0%         3d13      100%        5
 Dragon Form              Tmut           0%         N/A       100%        7
 Haunt                    Necr/Summ      0%         N/A       100%        7


Dungeon Overview and Level Annotations

Branches:
Dungeon (7/15)             Temple (1/1) D:6          Bailey (1/1)

Altars:
Ashenzari
Cheibriados
Fedhas
Gozag
Kikubaaqudgha
Makhleb
Qazlal
Ru
Sif Muna
Uskayaw
Vehumet
Wu Jian
Zin
The Shining One

Shops:
D:6 *

Annotations:
D:7 Dowan, Duvessa


Innate Abilities, Weirdness & Mutations

You are very small and have problems with some larger weapons.
You are too small for most types of armour.
You have supernaturally acute eyesight. (SInv)
You cover ground extremely quickly. (Speed+++)


Message History

Fire: a) +0 shortbow
Press: ? - help, Q - select action, (/) - cycle Shift-Dir - straight line, f/p - gnoll sergeant
Aim: a gnoll sergeant, wielding a +0 halberd and wearing a +0 chain mail (severely wounded)
You shoot an arrow.
The arrow completely misses the gnoll sergeant.
The gnoll sergeant closely misses you.
Fire: a) +0 shortbow
Press: ? - help, Q - select action, (/) - cycle Shift-Dir - straight line, f/p - gnoll sergeant
Aim: a gnoll sergeant, wielding a +0 halberd and wearing a +0 chain mail (severely wounded)
You shoot an arrow. The arrow hits the gnoll sergeant.
The gnoll sergeant is severely wounded.
The gnoll sergeant completely misses you.
Fire: a) +0 shortbow
Press: ? - help, Q - select action, (/) - cycle Shift-Dir - straight line, f/p - gnoll sergeant
Aim: a gnoll sergeant, wielding a +0 halberd and wearing a +0 chain mail (severely wounded)
You shoot an arrow.
The arrow hits the gnoll sergeant but does no damage.
The gnoll sergeant is severely wounded.
Fire: a) +0 shortbow
Press: ? - help, Q - select action, (/) - cycle Shift-Dir - straight line, f/p - gnoll sergeant
Aim: a gnoll sergeant, wielding a +0 halberd and wearing a +0 chain mail (severely wounded)
You shoot an arrow.
The arrow hits the gnoll sergeant but does no damage.
The gnoll sergeant is severely wounded.
The gnoll sergeant completely misses you.
Fire: a) +0 shortbow
Press: ? - help, Q - select action, (/) - cycle Shift-Dir - straight line, f/p - gnoll sergeant
Aim: a gnoll sergeant, wielding a +0 halberd and wearing a +0 chain mail (severely wounded)
You shoot an arrow.
The arrow hits the gnoll sergeant but does no damage.
The gnoll sergeant is severely wounded.
The gnoll sergeant hits you from afar with a +0 halberd!
* * * LOW HITPOINT WARNING * * *
Fire: a) +0 shortbow
Press: ? - help, Q - select action, (/) - cycle Shift-Dir - straight line, f/p - gnoll sergeant
Aim: a gnoll sergeant, wielding a +0 halberd and wearing a +0 chain mail (severely wounded)
You shoot an arrow.
The arrow closely misses the gnoll sergeant.
The gnoll sergeant hits you from afar with a +0 halberd!
You die...

♣♣♣♣♣♣♣♣♣♣♣♣♣♣♣♣♣
♣♣≈≈≈≈≈≈≈≈≈≈≈≈≈≈≈≈
♣≈≈..............
♣≈.)g)...........
♣≈@.#####...#####
♣≈.## #...#g..##
♣≈## +..ggg...# ♣≈
#...#.....# ♣≈
##'## ...8# ♣≈
##...## ..g# ♣≈
##.....## ..# ♣≈
#.......# .# ♣≈
#...8...# #


You could see a gnoll sergeant.

Vanquished Creatures
  Grinder (D:3)
  A water moccasin (D:6)
  A black bear (D:5)
  2 wolves (Bailey)
  A phantom (D:4)
  A bullfrog (D:5)
  2 kobold brigands
  2 gnoll sergeants (Bailey)
  2 scorpions (D:5)
  A water moccasin zombie (D:4)
  The ghost of zeratav the Ruffian, a weakling TrFi (D:4)
  A howler monkey (D:5)
  A bullfrog zombie (D:4)
  4 gnoll shamans (Bailey)
  2 hounds (Bailey)
  2 orc priests (D:6)
  3 iguanas
  2 orc wizards (D:3)
  Robin (D:4)
  12 gnolls
  9 adders
  A howler monkey skeleton (D:4)
  3 dart slugs (D:2)
  14 orcs
  2 endoplasms
  3 giant cockroaches
  12 goblins
  19 hobgoblins
  3 jackals (D:2)
  5 quokkas
  9 ball pythons
  4 bats
  4 frilled lizards (D:1)
  14 kobolds
  A rat (D:2)
146 creatures vanquished.

Vanquished Creatures (others)
  17 plants (D:2)
17 creatures vanquished.

Grand Total: 163 creatures vanquished

Notes
Turn   | Place    | Note
-------+----------+-------------------------------------------
     0 | D:1      | crusatyr the Spriggan Hunter began the quest for the Orb.
     0 | D:1      | Reached XP level 1. HP: 10/10 MP: 2/2
   133 | D:1      | Reached skill level 5 in Ranged Weapons
   194 | D:1      | Reached XP level 2. HP: 14/14 MP: 3/3
   642 | D:1      | Got Sif Muna's Volume of the Glacial Escort
   673 | D:1      | Found a faded altar of an unknown god.
   918 | D:2      | Reached XP level 3. HP: 18/18 MP: 4/4
  1356 | D:2      | Reached skill level 6 in Ranged Weapons
  1388 | D:2      | Reached XP level 4. HP: 22/22 MP: 5/5
  2515 | D:3      | Reached XP level 5. HP: 19/25 MP: 6/6
  2516 | D:3      | Reached skill level 7 in Ranged Weapons
  3741 | D:4      | Noticed Grinder
  3933 | D:4      | Reached skill level 5 in Stealth
  4093 | D:4      | Noticed a phantom
  4127 | D:4      | Found a transporter.
  4127 | D:4      | Noticed zeratav's ghost (weakling TrFi)
  4190 | D:4      | Killed a phantom
  4191 | D:4      | Reached XP level 6. HP: 30/30 MP: 7/7
  4233 | D:4      | Noticed Robin
  4285 | D:4      | Killed Robin
  4770 | D:4      | Found a transporter.
  5089 | D:4      | Reached skill level 8 in Ranged Weapons
  5195 | D:4      | Killed zeratav's ghost
  5325 | D:3      | Paralysed by Grinder for 2 turns
  5343 | D:3      | Killed Grinder
  5344 | D:3      | Reached XP level 7. HP: 33/33 MP: 8/8
  5384 | D:5      | Entered Level 5 of the Dungeon
  5585 | D:5      | Reached skill level 9 in Ranged Weapons
  5585 | D:5      | Reached skill level 5 in Dodging
  5600 | D:5      | Found a hide-covered altar of Uskayaw.
  5613 | D:5      | Noticed a +0 hand axe
  5614 | D:5      | Noticed a +0 dagger
  5966 | D:5      | Found an ornate altar of the Wu Jian Council.
  6234 | D:6      | Found a staircase to the Ecumenical Temple.
  6947 | D:5      | Reached XP level 8. HP: 9/37 MP: 9/9
  7203 | Temple   | Entered the Ecumenical Temple
  7419 | D:6      | Found Nuecanus's General Store.
  7486 | D:6      | Reached skill level 10 in Ranged Weapons
  8074 | D:6      | Bought a scroll of amnesia for 42 gold pieces
  8074 | D:6      | Bought a wand of charming (5) for 84 gold pieces
  8074 | D:6      | Bought a scroll of poison for 42 gold pieces
  8074 | D:6      | Bought a scroll of torment for 90 gold pieces
  8084 | D:7      | Noticed Duvessa
  8084 | D:7      | Noticed Dowan
  8176 | D:7      | Found a flagged portal.
  8185 | Bailey   | Entered a bailey
  9026 | Bailey   | Reached skill level 11 in Ranged Weapons
  9271 | Bailey   | Slain by a gnoll sergeant

Illustrated notes

Levels and vault maps discovered:
D:1:      wander_arrival_estate, layout_loops_ring,
          shapermc_ecumenical_altar_mp_vishouse, supply_closet_lemuel
D:2:      wad_woods_pond, layout_basic
D:3:      layout_rooms
D:4:      cheibrodos_quashed, layout_basic, gammafunk_ghost_mausoleum,
          uniq_robin, uniq_grinder
D:5:      layout_cave_pods, nzn_wu_jian_contemplation, dancing_weapons_uskayaw
D:6:      layout_rooms, minmay_temple_entry_trees, serial_shops, shop_statue
D:7:      layout_rooms, regret_index_temple_of_mockery,
          nemelex_xobeh_ov_fountains_minmay, jmf_multi_god_temple2,
          enter_bailey_2, uniq_duvessa
Temple:   nicolae_temple_no_exploring_needed
Bailey:   bailey_polearm_gnolls_kennysheep, bailey

Skill      XL: |  1  2  3  4  5  6  7  8 |
---------------+-------------------------+-----
Ranged Weapons | 5 6 7 8 9 11 | 11.3
Stealth        | 2 3 4 5 6 7 9 |  9.3
Dodging        | 3 4 5 7 |  7.3
Fighting       | |  1.5

Action                   |  1- 3 |  4- 6 |  7- 9 || total
-------------------------+-------+-------+-------++-------
 Fire: Shortbow          |    86 |   221 |   333 ||   640
  Use: Scroll            |       |     9 |     3 ||    12
       Potion            |       |       |     3 ||     3
Armor: Robe              |     1 |    12 |    16 ||    29
Dodge: Dodged            |    25 |    81 |   221 ||   327

Table legend: (Time is in decaauts)
 A = Elapsed time spent in this place.
 B = Non-inter-level travel time spent in this place.
 C = Inter-level travel time spent in this place.
 D = Time resting spent in this place.
 E = Time spent auto-exploring this place.
 F = Levels seen in this place.
 G = Mean time per level.
                   A        B        C        D        E       F      G
               +--------+--------+--------+--------+--------+-----+--------+
         Total |   7243 |   7118 |    125 |   1602 |   4153 |   9 |  804.8 |
       Dungeon |   6226 |   6101 |    125 |   1305 |   3648 |   7 |  889.4 |
        Temple |      1 |      1 |      0 |      0 |      0 |   1 |    1.0 |
        Bailey |   1015 |   1015 |      0 |    297 |    505 |   1 | 1015.0 |
               +--------+--------+--------+--------+--------+-----+--------+

Top non-repeatable levels by time:
     D:5: 1396 daAuts
     D:3: 1367 daAuts
     D:4: 1070 daAuts
     D:2: 1055 daAuts
  Bailey: 1015 daAuts
     D:6: 747 daAuts
     D:1: 522 daAuts
     D:7: 65 daAuts
  Temple: 1 daAuts
